 Dungeon Crawl Stone Soup version 0.29.0-13-gc9e81de378 (webtiles) character file.

Game seed: 15965160860107674377

1597 ragingrage the Cleaver (level 8, -6/64 HPs)
             Began as a Hill Orc Monk on Sept 9, 2022.
             Was a Priest of Beogh.
             Mangled by an orc warrior
             ... wielding a +0 battleaxe
              (13 damage)
             ... on level 6 of the Dungeon.
             The game lasted 00:06:22 (6639 turns).

ragingrage the Cleaver (Hill Orc Monk)              Turns: 6639, Time: 00:06:23

Health: -6/64      AC: 12    Str: 16    XL:     8   Next: 93%
Magic:  0/8        EV: 10    Int: 10    God:    Beogh [***...]
Gold:   311        SH:  0    Dex: 13    Spells: 7/7 levels left

rFire   . . .      SeeInvis .   a - +0 war axe
rCold   . . .      Faith    .   (no shield)
rNeg    . . .      Spirit   .   q - +0 scale mail
rPois   .          Reflect  .   (no helmet)
rElec   .          Harm     .   j - +0 cloak
rCorr   .          Rampage  .   d - +0 pair of gloves
Will    .....                   (no boots)
Stlth   ..........              (no amulet)
HPRegen 1.00/turn               C - +4 ring of protection
MPRegen 0.11/turn               (no ring)

@: no status effects
A: regeneration 1
a: Renounce Religion, Smiting


You were on level 6 of the Dungeon.
You worshipped Beogh.
Beogh was most pleased with you.
You visited 1 branch of the dungeon, and saw 6 of its levels.

You collected 311 gold pieces.

Inventory:

Hand Weapons
 a - a +0 war axe (weapon)
 b - the +7 arbalest "Gezot" {elec, rF++ MP+9 Dex-4 SInv}
   (You found it on level 3 of the Dungeon)

   Any ammunition fired from it occasionally discharges a powerful burst of
   electricity upon striking a foe.
   Dex:       It affects your dexterity (-4).
   rF:        It greatly protects you from fire.
   MP:        It affects your magic capacity (+9).
   SInv:      It lets you see invisible.
 x - a +1 whip of freezing
 B - the +8 rapier of Courage {holy, rF+ Will++}
   (You found it on level 4 of the Dungeon)

   It has been blessed by the Shining One to cause great damage to the undead
   and demons.
   rF:        It protects you from fire.
   Will:      It greatly increases your willpower.
Missiles
 g - 4 poisoned darts (quivered)
 r - a throwing net
Armour
 d - a +0 pair of gloves (worn)
 j - a +0 cloak (worn)
 o - a +0 kite shield
 q - a +0 scale mail (worn)
Jewellery
 C - a +4 ring of protection (left hand)
 F - a ring of flight
Wands
 k - a wand of flame (5)
 D - a wand of mindburst (16)
Scrolls
 h - 4 scrolls of magic mapping {unknown}
 i - 2 scrolls of summoning {unknown}
 l - 7 scrolls of identify {unknown}
 m - 2 scrolls of poison {unknown}
 p - a scroll of enchant armour {unknown}
 s - 2 scrolls of noise {unknown}
 t - a scroll of torment {unknown}
 u - a scroll of fear {unknown}
 v - a scroll of teleportation {unknown}
 w - a scroll of amnesia {unknown}
 y - 2 scrolls of blinking {unknown}
Potions
 c - 3 potions of ambrosia
 e - 3 potions of mutation
 f - 3 potions of curing {unknown}
 n - 2 potions of heal wounds {unknown}
 z - a potion of invisibility {unknown}
 A - a potion of flight {unknown}
 E - 2 potions of brilliance {unknown}


   Skills:
 - Level 3.6 Fighting
 + Level 14.5 Axes
 - Level 2.4 Dodging
 - Level 1.5 Stealth


You had 7 spell levels left.
You didn't know any spells.
Your spell library contained the following spells:

 Spells                   Type           Power      Damage    Failure   Level
 Call Canine Familiar     Summ           0%         N/A       99%         3
 Portal Projectile        Hex/Tloc       0%         N/A       99%         3
 Leda's Liquefaction      Hex/Erth       0%         N/A       100%        4


Dungeon Overview and Level Annotations

Branches:
Dungeon (6/15)
 Temple: D:4-7

Altars:
Cheibriados
Fedhas

Shops:
D:4 **

Annotations:
D:2 Sigmund
D:5 1 runed translucent door, Crazy Yiuf


Innate Abilities, Weirdness & Mutations

Your natural rate of healing is unusually fast.


Message History

Press: ? - help, Shift-Dir - straight line, f/p - orc warrior
Aim: an orc warrior, wielding a +0 battleaxe, wearing a +0 chain mail and quivering boomerangs (moderately wounded, ally target, chance to affect: 64%)
The orc warrior's mind is blasted!
You closely miss the orc warrior.
The orc warrior is severely wounded.
The orc warrior hits you with a +0 battleaxe!!
You closely miss the orc warrior.
The orc warrior is severely wounded.
You closely miss the orc warrior.
The orc warrior is severely wounded.
The orc warrior hits you with a +0 battleaxe!
The orc warrior barely misses your orc.
You hit the orc warrior.
The orc warrior is severely wounded.
Your orc hits the orc warrior with a +0 whip.
The orc warrior barely misses you.
The orc warrior hits your orc with a +0 battleaxe!
Your orc dies!
You hit the orc warrior.
The orc warrior is almost dead.
The orc warrior hits you with a +0 battleaxe!
* * * LOW HITPOINT WARNING * * *
You hit the orc warrior but do no damage.
The orc warrior is almost dead.
Aiming: Mindburst
Press: ? - help, Shift-Dir - straight line, f/p - orc warrior
Aim: an orc warrior, wielding a +0 battleaxe, wearing a +0 chain mail and quivering boomerangs (almost dead, chance to affect: 64%)
The orc warrior struggles to resist.
The orc warrior hits you with a +0 battleaxe.
* * * LOW HITPOINT WARNING * * *
You don't have enough magic at the moment.
Unknown command.
Okay, then.
Okay, then.
It was a potion of mutation.
You feel extremely strange. Fur sprouts all over your body.
You shed all your fur.
You begin to heal more quickly.
The orc warrior hits you with a +0 battleaxe!
You die...
Beogh appreciates the orc warrior's killing of a heretic priest.

#................####.......
#...................##.(....
#......<...)................
#...................#####...
#.....<...........### #.§§
#...............### #.§§
#..............#.#### #☼§.
#.............##....######...
#..#.........@######.#.§§..$$.
#..##.......)o## #...§...$$.
#.. .........## ###.§.§...
........)## #####.. ..... ....
).. ...


You could see an orc warrior.

Vanquished Creatures
  Pikel (D:4)
  Menkaure (D:4)
  A black bear (D:5)
  2 ogres
  A necrophage (D:6)
  3 scorpions
  3 orc priests
  3 iguanas (D:4)
  5 orc wizards
  4 gnolls (D:5)
  5 adders
  A shadow imp (D:6)
  3 worms
  5 dart slugs
  21 orcs
  9 endoplasms
  5 giant cockroaches
  7 hobgoblins
  7 jackals
  9 kobolds
  4 quokkas
  13 ball pythons
  3 bats (D:2)
  6 frilled lizards
  5 goblins
  7 rats
134 creatures vanquished.

Vanquished Creatures (collateral kills)
  A giant cockroach (D:4)
1 creature vanquished.

Vanquished Creatures (others)
  3 orcs
  17 plants
20 creatures vanquished.

Grand Total: 155 creatures vanquished

Notes
Turn   | Place    | Note
-------+----------+-------------------------------------------
     0 | D:1      | ragingrage the Hill Orc Monk began the quest for the Orb.
     0 | D:1      | Reached XP level 1. HP: 19/19 MP: 1/1
    53 | D:1      | Reached XP level 2. HP: 8/26 MP: 2/2
   385 | D:1      | Reached skill level 5 in Axes
   579 | D:1      | Reached XP level 3. HP: 31/31 MP: 3/3
  1444 | D:2      | Reached skill level 6 in Axes
  1508 | D:2      | Reached XP level 4. HP: 36/39 MP: 4/4
  1961 | D:2      | Noticed Sigmund
  1979 | D:3      | Became a worshipper of Beogh the Brigand
  1979 | D:3      | Reached * piety under Beogh
  1979 | D:3      | Reached ** piety under Beogh
  2113 | D:3      | Identified the +7 arbalest "Gezot" {elec, rF++ MP+9 Dex-4
                  | SInv}
  2251 | D:3      | You fall into a shaft and drop 2 floors!
  2251 | D:5      | Entered Level 5 of the Dungeon
  2305 | D:5      | Noticed an ogre
  2306 | D:5      | Noticed a black bear
  2313 | D:5      | Killed an ogre
  2314 | D:5      | Reached skill level 7 in Axes
  2314 | D:5      | Reached XP level 5. HP: 45/45 MP: 5/5
  2330 | D:5      | Killed a black bear
  2331 | D:5      | Reached skill level 8 in Axes
  2331 | D:5      | Reached XP level 6. HP: 23/51 MP: 6/6
  2653 | D:5      | Reached skill level 9 in Axes
  3146 | D:4      | Found a blossoming altar of Fedhas.
  3320 | D:4      | Reached skill level 10 in Axes
  3433 | D:4      | Noticed Menkaure
  3438 | D:4      | Killed Menkaure
  3439 | D:4      | Reached XP level 7. HP: 49/57 MP: 7/7
  3635 | D:4      | Reached skill level 11 in Axes
  3796 | D:4      | Found Konyxt's Specific Store.
  4031 | D:4      | Found Anesuede's General Store.
  4072 | D:4      | Noticed Pikel
  4085 | D:4      | Killed Pikel
  4086 | D:4      | Reached skill level 13 in Axes
  4086 | D:4      | Reached XP level 8. HP: 46/64 MP: 8/8
  4732 | D:3      | Reached *** piety under Beogh
  5080 | D:4      | Found a snail-covered altar of Cheibriados.
  5572 | D:4      | Identified the +8 rapier of Courage {holy, rF+ Will++}
  6120 | D:5      | Found a runed translucent door.
  6121 | D:5      | Noticed Crazy Yiuf
  6182 | D:5      | Reached skill level 14 in Axes
  6639 | D:6      | Gained mutation: You are covered in fur. (AC +1) [potion of
                  | mutation]
  6639 | D:6      | Lost mutation: You are covered in fur. (AC +1) [potion of
                  | mutation]
  6639 | D:6      | Gained mutation: Your natural rate of healing is unusually
                  | fast. [potion of mutation]
  6639 | D:6      | Mangled by an orc warrior

Illustrated notes

Levels and vault maps discovered:
D:1:      minmay_arrival_plants_in_alcoves, layout_loops_ring,
          dk_noncrumbling_3, skrybe_limestone_x, due_unseen_surprise
D:2:      layout_basic, uniq_sigmund
D:3:      mumra_celtic_spiral_tile, layout_basic
D:4:      minmay_clustersquares, layout_rooms,
          mainiacjoe_overflow_catch_the_wave, nicolae_specific_store,
          nicolae_kite_square_tiling_tiny, eino_small_chamber_without_monster,
          hex_large, uniq_menkaure, uniq_pikel
D:5:      layout_gridville, nicolae_sextant, uniq_crazy_yiuf_cottage
D:6:      layout_cave_pods, lemuel_flame_loot_1, uniq_blork_the_orc

Skill      XL: |  1  2  3  4  5  6  7  8 |
---------------+-------------------------+-----
Axes           | 5 6 7 8 10 13 14 | 14.5
Fighting       | |  3.6
Dodging        | |  2.4
Stealth        | |  1.5

Action                   |  1- 3 |  4- 6 |  7- 9 || total
-------------------------+-------+-------+-------++-------
Melee: Hand axe          |   128 |    84 |       ||   212
       Punch             |     1 |       |     2 ||     3
       War axe           |       |     8 |    97 ||   105
       Arbalest          |       |       |     2 ||     2
 Fire: Arbalest          |       |    14 |    81 ||    95
Invok: Convert to Beogh  |       |     1 |       ||     1
Evoke: Wand              |       |       |     2 ||     2
  Use: Potion            |       |       |     1 ||     1
 Stab: Sleeping          |     4 |       |       ||     4
Armor: Robe              |    22 |     1 |       ||    23
       Scale mail        |       |    43 |    67 ||   110
       Ring mail         |       |     5 |       ||     5
Dodge: Dodged            |    92 |    47 |    49 ||   188
Block: Kite shield       |       |     1 |       ||     1
